 Dungeon Crawl Stone Soup version 0.27.1-1-g398f81649c (webtiles) character file.

Game seed: 4677700974295881693

933 funkygono the Bolt Thrower (level 8, -12/48 HPs)
             Began as a Gargoyle Hunter on Sept 8, 2021.
             Was an Initiate of Okawaru.
             Blown up by Ijyb (20 damage)
             ... with a mindburst bolt
             ... on level 5 of the Dungeon.
             The game lasted 00:10:05 (4852 turns).

funkygono the Bolt Thrower (Gargoyle Hunter)        Turns: 4852, Time: 00:10:05

Health: -12/48     AC: 22    Str: 17    XL:     8   Next: 11%
Magic:  8/8        EV: 10    Int: 13    God:    Okawaru [......]
Gold:   301        SH:  0    Dex: 10    Spells: 7/7 levels left

rFire    . . .     SeeInvis .   a - +1 whip (drain)
rCold    . . .     Faith    +   (no shield)
rNeg     + . .     Spirit   .   k - +0 scale mail
rPois    ∞         Reflect  .   w - +2 helmet
rElec    +         Harm     .   c - +2 cloak {rCorr}
rCorr    +         Rampage  .   (no gloves)
Will     .....                  (no boots)
Stlth    ..........             q - amulet of faith
HPRegen  0.16/turn              j - ring of flight
MPRegen  0.11/turn              o - +4 ring of protection

@: flying, studying Fighting
A: sickness immunity, AC +5, negative energy resistance 1, electricity
resistance, torment resistance 1, petrification resistance
a: Renounce Religion


You were on level 5 of the Dungeon.
You worshipped Okawaru.
Okawaru was noncommittal.
You visited 2 branches of the dungeon, and saw 6 of its levels.

You collected 301 gold pieces.

Inventory:

Hand Weapons
 a - a +1 whip of draining (weapon)
 b - a +1 hand crossbow of venom
 h - a +0 short sword
Missiles
 d - 58 bolts
 u - 2 throwing nets
Armour
 c - a +2 cloak of preservation (worn)
 k - a +0 scale mail (worn)
 w - a +2 helmet (worn)
Jewellery
 j - a ring of flight (left hand)
 o - a +4 ring of protection (right hand)
 q - an amulet of faith (around neck)
Wands
 f - a wand of digging (5)
 n - a wand of paralysis (8)
Potions
 g - 2 potions of cancellation
 i - a potion of lignification
 l - a potion of heal wounds
 s - a potion of resistance
 v - a potion of degeneration {unknown}
 x - a potion of brilliance {unknown}


   Skills:
 * Level 4.7 Fighting
 + Level 0.8 Short Blades
 * Level 4.0 Maces & Flails
 * Level 6.9 Crossbows
 * Level 3.3 Armour
 * Level 2.7 Dodging
 - Level 1.2 Stealth


You had 7 spell levels left.
You didn't know any spells.
Your spell library was empty.

Dungeon Overview and Level Annotations

Branches:
Dungeon (5/15)             Temple (1/1) D:5

Altars:
Cheibriados
Elyvilon
Fedhas
Hepliaklqana
Kikubaaqudgha
Makhleb
Nemelex Xobeh
Okawaru
Ru
Sif Muna
Trog
Uskayaw
Vehumet
Wu Jian
Xom
Yredelemnul
Zin

Shops:
D:5 ::*

Annotations:
D:5 Ijyb


Innate Abilities, Weirdness & Mutations

You are immune to sickness and miasma.
Your stone body is resilient. (AC +5)
You are immune to poison.
You resist negative energy. (rN+)
You are resistant to electric shocks. (rElec)
You are resistant to unholy torment.
You are immune to petrification.


Message History

Ijyb zaps a wand.
You struggle to resist.
You closely miss Ijyb. Ijyb hits you but does no damage.
You hit Ijyb but do no damage. You drain Ijyb.
Ijyb is lightly wounded.
Ijyb barely misses you.
You hit Ijyb. You drain Ijyb.
Ijyb is moderately wounded.
Ijyb hits you but does no damage.
You barely miss Ijyb.
Ijyb is moderately wounded.
You barely miss Ijyb.
Ijyb is moderately wounded.
Ijyb zaps a wand.
Your mind is blasted!
You hit Ijyb. You drain Ijyb.
Ijyb is severely wounded.
Ijyb closely misses you.
You hit Ijyb but do no damage. You drain Ijyb.
Ijyb is severely wounded.
Ijyb zaps a wand.
Your mind is blasted!
You barely miss Ijyb.
Ijyb is severely wounded.
Ijyb zaps a wand.
You struggle to resist.
You closely miss Ijyb.
Ijyb is severely wounded.
Ijyb hits you but does no damage.
You hit Ijyb but do no damage. You drain Ijyb.
Ijyb is almost dead.
Ijyb zaps a wand.
Your mind is blasted!
* * * LOW HITPOINT WARNING * * *
You barely miss Ijyb.
Ijyb is almost dead.
Ijyb screams, "Me kill you!" Ijyb hits you but does no damage.
You barely miss Ijyb.
Ijyb is almost dead.
Ijyb barely misses you.
You hit Ijyb but do no damage.
Ijyb is almost dead.
Ijyb zaps a wand.
Your mind is blasted!
You die...

...†.#..###...#.#
......#...##..#.#
...<...##..# ##.#
........##..###.#
.........##...#.#
..........###...# #
........... ##..###.##..
..........# ##.........
..........# #g@.....[.
................?##.#...
...(....# # #####...#
##..# #... #... #.#.


You could see Ijyb (drained).

Vanquished Creatures
  Sigmund (D:2)
  An ice beast (D:5)
  2 ogres
  A phantom (D:5)
  A scorpion (D:4)
  A centaur zombie (D:5)
  A howler monkey (D:5)
  A hound (D:2)
  2 iguanas
  Jessica (D:3)
  Terence (D:3)
  A hound zombie (D:5)
  Robin (D:4)
  6 gnolls
  An adder (D:5)
  An ufetubus (D:5)
  A worm (D:2)
  2 dart slugs (D:4)
  5 endoplasms
  2 giant cockroaches
  13 goblins
  7 hobgoblins
  8 jackals
  3 quokkas
  8 ball pythons
  6 bats
  2 frilled lizards
  5 kobolds
  3 rats
88 creatures vanquished.

Notes
Turn   | Place    | Note
-------+----------+-------------------------------------------
     0 | D:1      | funkygono the Gargoyle Hunter began the quest for the Orb.
     0 | D:1      | Reached XP level 1. HP: 12/12 MP: 1/1
   271 | D:1      | Reached XP level 2. HP: 17/17 MP: 2/2
   643 | D:1      | Reached XP level 3. HP: 21/21 MP: 3/3
  1138 | D:2      | Reached skill level 5 in Crossbows
  1138 | D:2      | Reached skill level 1 in Armour
  1138 | D:2      | Reached XP level 4. HP: 27/27 MP: 4/4
  1481 | D:2      | Noticed Sigmund
  1486 | D:2      | Killed Sigmund
  1487 | D:2      | Reached skill level 1 in Maces & Flails
  1487 | D:2      | Reached XP level 5. HP: 32/32 MP: 5/5
  1487 | D:2      | Reached XP level 6. HP: 36/36 MP: 6/6
  2082 | D:3      | Noticed Terence
  2097 | D:3      | Killed Terence
  2098 | D:3      | Reached skill level 6 in Crossbows
  2279 | D:3      | Found a hide-covered altar of Uskayaw.
  2351 | D:3      | Found a faded altar of an unknown god.
  2682 | D:3      | Found an ornate altar of the Wu Jian Council.
  2945 | D:3      | Noticed Jessica
  2950 | D:3      | Killed Jessica
  3118 | D:3      | Identified a scroll of acquirement
  3118 | D:3      | Acquired a +1 cloak of preservation
  3231 | D:4      | Noticed Robin
  3233 | D:4      | Killed Robin
  3297 | D:4      | Reached XP level 7. HP: 41/41 MP: 7/7
  3410 | D:4      | Found a basalt altar of Yredelemnul.
  3436 | D:4      | Found a burning altar of Makhleb.
  3993 | D:4      | Acquired a manual of Fighting
  4019 | D:5      | Entered Level 5 of the Dungeon
  4094 | D:5      | Found Ehoipnet's Book Emporium.
  4098 | D:5      | Found a snail-covered altar of Cheibriados.
  4349 | D:5      | Found Ycafauti's Book Emporium.
  4408 | D:5      | Reached XP level 8. HP: 11/48 MP: 8/8
  4648 | D:5      | Found Ragadez's Assorted Antiques.
  4718 | D:5      | Found a staircase to the Ecumenical Temple.
  4727 | Temple   | Entered the Ecumenical Temple
  4796 | Temple   | Became a worshipper of Warmaster Okawaru
  4837 | D:5      | Noticed Ijyb
  4852 | D:5      | Blown up by Ijyb

Illustrated notes

Levels and vault maps discovered:
D:1:      dpeg_arrival_solitude, layout_loops_ring, minivault_19,
          minmay_large_rounded_square, chequers_garden, minmay_statues_item
D:2:      layout_loops_corners, uniq_sigmund
D:3:      layout_rooms, nzn_wu_jian_contemplation,
          mainiacjoe_overflow_surrounded_room,
          dreamdust_ecumenical_altar_angels_and_demons, grunt_ministairs_7,
          chequers_serial_rivers_small_b, uniq_jessica, uniq_terence
D:4:      layout_basic, mainiacjoe_overflow_two_lobes, uniq_robin
D:5:      layout_cave_pods, mainiacjoe_overflow_tiny_flanked,
          cheibriados_altar_1, minmay_temple_entry_slanted, serial_shops, shop,
          kennysheep_mini_moat, nicolae_take_the_stairs, uniq_ijyb
Temple:   nicolae_temple_hex_pool

Skill      XL: |  1  2  3  4  5  6  7  8 |
---------------+-------------------------+-----
Crossbows      | 5 6 |  6.9
Armour         | 1 2 3 |  3.3
Maces & Flails | 1 2 3 4 |  4.0
Dodging        | 2 |  2.7
Fighting       | 3 4 |  4.7
Short Blades   | |  0.8
Stealth        | |  1.2

Action                   |  1- 3 |  4- 6 |  7- 9 || total
-------------------------+-------+-------+-------++-------
Melee: Short sword       |    37 |       |       ||    37
       Whip              |     1 |   105 |   106 ||   212
 Fire: Hand crossbow     |    39 |    43 |    28 ||   110
  Use: Scroll            |     2 |     5 |     6 ||    13
 Stab: Sleeping          |       |     1 |       ||     1
Armor: Leather armour    |    27 |    14 |       ||    41
       Scale mail        |       |    68 |    66 ||   134
Dodge: Dodged            |    24 |    82 |    53 ||   159
